 Dungeon Crawl Stone Soup version 0.18.1-48-g4cf74bf (webtiles) character file.

156 Heedrag the Grave Robber (level 5, 0/35 HPs)
             Began as a Demonspawn Necromancer on Aug 1, 2016.
             Slain by a crimson imp (4 damage)
             ... on level 5 of the Dungeon.
             The game lasted 00:08:49 (4179 turns).

Heedrag the Grave Robber (Demonspawn Necromancer)   Turns: 4179, Time: 00:08:50

Health: 0/35       AC:  2    Str:  9    XL:     5   Next: 15%
Magic:  4/9        EV: 12    Int: 17    God:
Gold:   178        SH:  0    Dex: 13    Spells: 3 memorised, 2 levels left

rFire  . . .     SeeInvis .     d - +0 dagger
rCold  + . .     Gourm    .     a - +0 robe
rNeg   . . .     Faith    .     (no shield)
rPois  .         Spirit   .     (helmet restricted)
rElec  .         Dismiss  .     (no cloak)
rCorr  .         Reflect  .     (no gloves)
SustAt .         Harm     .     (no boots)
MR     .....                    (no amulet)
Stlth  ++........               r - ring of protection from cold
                                f - ring of wizardry

@: not resistant to hostile enchantments, unstealthy
A: claws 1, horns 1, talons 1, rot immunity
a: no special abilities


You were on level 5 of the Dungeon.
You were very hungry.

You visited 1 branch of the dungeon, and saw 5 of its levels.

You collected 178 gold pieces.

Inventory:

Hand Weapons
 d - a +0 dagger (weapon)
Armour
 a - a +0 robe (worn)
 s - a +0 helmet
Jewellery
 f - a ring of wizardry (left claw)
 o - an uncursed ring of ice
 r - a ring of protection from cold (right claw)
 x - an uncursed ring of wizardry
Wands
 m - a wand of digging (11/24)
Scrolls
 h - 4 scrolls of teleportation {unknown}
 j - 2 scrolls of noise {unknown}
 n - 2 scrolls of identify {unknown}
 q - a scroll of remove curse {unknown}
 v - a scroll of amnesia {unknown}
 w - 2 scrolls of random uselessness {unknown}
Potions
 e - a potion of degeneration {unknown}
 k - 2 potions of resistance {unknown}
 l - 2 potions of heal wounds {unknown}
 p - a potion of brilliance {unknown}
 t - a potion of curing {unknown}
Books
 b - a book of Necromancy

   Spells                             Type                      Level
   a - Pain                           Necromancy                   1
   b - Animate Skeleton               Necromancy                   1
   c - Vampiric Draining              Necromancy                   3
   d - Regeneration                   Charms/Necromancy            3
   e - Animate Dead                   Necromancy                   4
   f - Control Undead                 Necromancy                   4
Comestibles
 c - 4 bread rations
 g - 2 meat rations
 i - a fruit
 u - a beef jerky


   Skills:
 - Level 1.7 Dodging
 - Level 1.7 Stealth
 + Level 2.8 Spellcasting
 + Level 1.6 Charms
 * Level 6.2 Necromancy


You had 2 spell levels left.
You knew the following spells:

 Your Spells              Type           Power        Failure   Level  Hunger
a - Pain                  Necr           ###.         1%          1    #......
b - Regeneration          Chrm/Necr      ###.......   4%          3    ###....
c - Vampiric Draining     Necr           ###.......   2%          3    ###....


Dungeon Overview and Level Annotations

Branches:
Dungeon (5/15)
 Temple: D:4-7

Altars:
Fedhas
Ru

Shops:
D:4 (

Annotations:
D:2 Sigmund
D:3 Heedrag's ghost, amateur DsNe


Innate Abilities, Weirdness & Mutations

You have sharp fingernails.
You have a pair of small horns on your head.
You have sharp toenails.
You are immune to rotting.


Message History

Tha orc wizard points at ye an' mumbles some strange words.
Tha magic dart hits ye!
Tha crimson imp closely misses ye.
Castin': Pain Confirm wit' . or Enter, or press ? or * ta list all spells.
Aimin': Pain
Press: ? - help, Shift-Dir - straight line, f/p - orc wizard
Aim: an orc wizard, wieldin' a dagger an' wearin' a robe (heavily wounded, chance ta defeat MR: 83%) Tha orc wizard convulses in agony!
Tha orc wizard hits ye wit' a dagger.
Tha crimson imp hits ye.
Castin': Pain Confirm wit' . or Enter, or press ? or * ta list all spells.
Aimin': Pain
Press: ? - help, Shift-Dir - straight line, f/p - orc wizard
Aim: an orc wizard, wieldin' a dagger an' wearin' a robe (severely wounded, chance ta defeat MR: 83%) Tha orc wizard convulses in agony!
Tha orc wizard gestures at ye while chantin'.
Tha magic dart hits ye!
* * * LOW HITPOINT WARNIN'
* * * Tha crimson imp hits ye.
Ye die...

#. #. .. ###
#. ?...#.####
###......
#.......# #@#
#...5.o......
#.......^.#..
.....#####..#
####. ..# .
.# # #


You could see an orc wizard and a crimson imp.

Vanquished Creatures
  A worker ant (D:4)
  Robin (D:3)
  2 adders (D:3)
  A white imp (D:4)
  An adder skeleton (D:4)
  3 worms
  A dart slug (D:1)
  2 giant geckos
  3 orcs
  A ball python (D:2)
  3 giant cockroaches
  11 goblins
  10 hobgoblins
  9 jackals
  2 quokkas
  6 bats
  4 giant newts
  7 kobolds
  8 rats
76 creatures vanquished.

Notes
Turn   | Place    | Note
--------------------------------------------------------------
     0 | D:1      | Heedrag the Demonspawn Necromancer began the quest for the Orb.
     0 | D:1      | Reached XP level 1. HP: 13/13 MP: 3/3
   178 | D:1      | Gained mutation: You are immune to rotting. [demonic ancestry]
   178 | D:1      | Reached XP level 2. HP: 14/19 MP: 0/5
   340 | D:1      | Reached skill level 5 in Necromancy
   764 | D:2      | Found a sacrificial altar of Ru.
   819 | D:2      | Gained mutation: You have sharp fingernails. [demonic ancestry]
   819 | D:2      | Reached XP level 3. HP: 15/24 MP: 2/6
   838 | D:2      | HP: 1/24 [jackal (1)]
  1150 | D:2      | Learned a level 3 spell: Regeneration
  2065 | D:2      | Noticed Sigmund
  2309 | D:3      | Gained mutation: You have a pair of small horns on your head. [demonic ancestry]
  2309 | D:3      | Reached XP level 4. HP: 20/30 MP: 2/7
  2400 | D:3      | Noticed Heedrag's ghost (amateur DsNe)
  2774 | D:3      | Noticed Robin
  2781 | D:3      | Killed Robin
  2781 | D:3      | Reached skill level 1 in Charms
  3251 | D:4      | Learned a level 3 spell: Vampiric Draining
  3281 | D:4      | Found Fenodisi's Antique Weapon Shop.
  3429 | D:5      | Entered Level 5 of the Dungeon
  3448 | D:4      | Reached skill level 6 in Necromancy
  3715 | D:4      | Found a blossoming altar of Fedhas.
  3801 | D:4      | Gained mutation: You have sharp toenails. [demonic ancestry]
  3801 | D:4      | Reached XP level 5. HP: 23/35 MP: 3/9
  4179 | D:5      | Slain by a crimson imp

Skill      XL: |  1  2  3  4 |
---------------+-------------+-----
Necromancy     | 5 6 |  6.2
Charms         | 1 |  1.6
Dodging        | |  1.7
Stealth        | |  1.7
Spellcasting   | |  2.8

Action                   |  1- 3 |  4- 6 || total
-------------------------+-------+-------++-------
Melee: Dagger            |    20 |    78 ||    98
       Headbutt          |       |     8 ||     8
       Kick              |       |    14 ||    14
 Cast: Pain              |    86 |    42 ||   128
       Regeneration      |     1 |     6 ||     7
       Vampiric Draining |       |     1 ||     1
  Eat: Chunk             |     5 |     6 ||    11
Armor: Robe              |     5 |     9 ||    14
Dodge: Dodged            |    26 |    54 ||    80
